 Dungeon Crawl Stone Soup version 0.29-a0-775-g4d7333d4e2 (webtiles) character file.

Game seed: 3461981819510041460

91 wingedge the Sneak (level 4, -1/28 HPs)
             Began as an Octopode Enchanter on July 1, 2022.
             Splashed by a jelly's acid (8 damage)
             ... on level 5 of the Dungeon.
             The game lasted 00:22:30 (2527 turns).

wingedge the Sneak (Octopode Enchanter)             Turns: 2527, Time: 00:22:31

Health: -1/28      AC:  1    Str:  7    XL:     4   Next: 57%
Magic:  0/7        EV: 13    Int: 17    God:
Gold:   17         SH:  0    Dex: 14    Spells: 2/7 levels left

rFire   . . .      SeeInvis .   a - +1 dagger
rCold   . . .      Faith    .   (no shield)
rNeg    + + .      Spirit   +   (helmet restricted)
rPois   .          Reflect  .   m - amulet of Mylufrur {Spirit rN++}
rElec   .          Harm     .   (no ring)
rCorr   .          Rampage  .   (no ring)
Will    .....                   (no ring)
Stlth   ++++......              (no ring)
HPRegen 0.09/turn               (no ring)
MPRegen 0.10/turn               (no ring)
                                (no ring)
                                (no ring)

@: no status effects
A: almost no armour, amphibious, 8 rings, camouflage 1, gelatinous body 1,
(nimble swimmer 1), tentacles
a: no special abilities


You were on level 5 of the Dungeon.
You visited 1 branch of the dungeon, and saw 4 of its levels.

You collected 59 gold pieces.
You spent 42 gold pieces at shops.

Inventory:

Hand Weapons
 a - a +1 dagger (weapon)
Jewellery
 m - the amulet of Mylufrur (around mantle) {Spirit rN++}
   (You found it on level 2 of the Dungeon)

   [amulet of guardian spirit]

   It causes incoming damage to be divided between your reserves of health and
   magic.
   rN:        It greatly protects you from negative energy.
 o - a ring of fire
Scrolls
 c - a scroll of enchant weapon {unknown}
 d - a scroll of magic mapping {unknown}
 f - a scroll of blinking {unknown}
 g - a scroll of torment {unknown}
 h - a scroll of amnesia {unknown}
 j - a scroll of vulnerability {unknown}
 l - 2 scrolls of teleportation {unknown}
Potions
 b - a potion of invisibility
 e - a potion of mutation {unknown}
 i - a potion of might {unknown}
 k - 2 potions of brilliance
 n - a potion of curing {unknown}
 p - a potion of haste {unknown}
 q - a potion of cancellation {unknown}
 r - a potion of resistance {unknown}


   Skills:
 + Level 1.0 Fighting
 + Level 1.6 Short Blades
 + Level 2.5 Dodging
 + Level 4.4 Stealth
 + Level 2.2 Spellcasting
 * Level 3.7 Hexes
 * Level 1.2 Ice Magic


You had 2 spell levels left.
You knew the following spells:

 Your Spells              Type           Power      Damage    Failure   Level
a - Ensorcelled Hibernat  Hex/Ice        20%        N/A       11%         2
b - Confusing Touch       Hex            14%        N/A       12%         3

Your spell library contained the following spells:

 Spells                   Type           Power      Damage    Failure   Level
 Tukima's Dance           Hex            14%        N/A       12%         3
 Dazzling Flash           Conj/Hex       16%        N/A       26%         3
 Portal Projectile        Hex/Tloc       16%        N/A       26%         3
 Blade Hands              Tmut           0%         N/A       99%         5


Dungeon Overview and Level Annotations

Branches:
Dungeon (3/15)

Altars:
Sif Muna

Shops:
D:1 (?*[


Innate Abilities, Weirdness & Mutations

You cannot wear most types of armour.
You are amphibious.
You can wear up to eight rings at the same time.
Your skin changes colour to match your surroundings (Stealth+).
Your rubbery body absorbs attacks. (AC +1, EV +1)
((You are camouflaged when in or above water. (Stealth+)))
You have tentacles for arms and can constrict up to eight enemies at once.


Message History

The jelly resists with significant effort.
Casting: Ensorcelled Hibernation (safe; 11% risk of failure)
Confirm with . or Enter, or press ? or * to list all spells.
Aiming: Ensorcelled Hibernation (safe; 11% risk of failure)
Press: ? - help, Shift-Dir - straight line, f/p - jelly
Aim: a jelly (chance to affect: 52%)
The jelly resists with significant effort.
The jelly barely misses you.
Casting: Ensorcelled Hibernation (safe; 11% risk of failure)
Confirm with . or Enter, or press ? or * to list all spells.
You don't have enough magic to cast this spell.
You hit the jelly.
Your tentacles burn!
You squeeze the jelly.
The jelly is moderately wounded.
The jelly jiggles.
The jelly misses you.
You hit the jelly but do no damage.
Your tentacles burn!
The jelly is moderately wounded.
The jelly misses you.
You hit the jelly but do no damage.
Your tentacles burn!
You squeeze the jelly.
The jelly is heavily wounded.
The jelly closely misses you.
You hit the jelly.
Your tentacles burn!
The jelly is severely wounded.
The jelly hits you.
You are splashed with acid!
You barely miss the jelly.
The jelly is severely wounded.
The jelly barely misses you.
Okay, then.
Press: ? - help, v - describe, . - travel
Here: a jelly (severely wounded)
The floor.
Okay, then.
Unknown command.
You hit the jelly.
Your tentacles burn!
* * * LOW HITPOINT WARNING * * *
The jelly is almost dead.
The jelly hits you.
* * * LOW HITPOINT WARNING * * *
You are splashed with acid!
You die...

... ...... ..
#....# #....#
..##....####....##
.................#
.........^.......#
.................#
..!.......†......#
....$............#
......J@.........#
##################


You could see a jelly.

Vanquished Creatures
  4 adders
  An adder skeleton (D:2)
  A worm (D:3)
  A dart slug (D:1)
  3 bats (D:1)
  2 bat skeletons (D:2)
  6 endoplasms
  2 giant cockroaches
  6 hobgoblins
  3 jackals (D:1)
  A ball python (D:2)
  3 frilled lizards
  4 goblins (D:2)
  A jackal skeleton (D:2)
  2 kobolds (D:1)
  2 quokka skeletons (D:2)
  5 rats
47 creatures vanquished.

Vanquished Creatures (others)
  5 withered plants (D:2)
5 creatures vanquished.

Grand Total: 52 creatures vanquished

Notes
Turn   | Place    | Note
-------+----------+-------------------------------------------
     0 | D:1      | wingedge the Octopode Enchanter began the quest for the
                  | Orb.
     0 | D:1      | Reached XP level 1. HP: 11/11 MP: 3/3
     6 | D:1      | Found Jianly's Magic Scroll Boutique.
   156 | D:1      | Found Pees's Assorted Antiques.
   165 | D:1      | Found Doca's Antique Armour Shoppe.
   277 | D:1      | Reached XP level 2. HP: 17/17 MP: 5/5
   282 | D:1      | Learned a level 2 spell: Ensorcelled Hibernation
   459 | D:1      | Found Dogone's Weapon Boutique.
   995 | D:1      | Reached XP level 3. HP: 22/22 MP: 1/6
  1252 | D:2      | Learned a level 3 spell: Confusing Touch
  1697 | D:2      | Identified the amulet of Mylufrur {Spirit rN++}
  1746 | D:2      | Reached XP level 4. HP: 27/27 MP: 7/7
  1846 | D:2      | Reached skill level 1 in Ice Magic
  1938 | D:2      | Reached skill level 1 in Fighting
  2184 | D:1      | Bought a scroll of identify for 28 gold pieces
  2184 | D:1      | Bought a scroll of noise for 14 gold pieces
  2229 | D:3      | Noticed a black bear
  2291 | D:3      | Found a shimmering blue altar of Sif Muna.
  2471 | D:3      | You fall into a shaft and drop 2 floors!
  2471 | D:5      | Entered Level 5 of the Dungeon
  2527 | D:5      | Splashed by a jelly's acid

Illustrated notes

Levels and vault maps discovered:
D:1:      shiori_shiawase, layout_rooms, serial_shops, shop, shop, shop,
          nicolae_diamond_shop, minmay_door_square
D:2:      layout_loops_ring, serial_undead, serial_undead_b, serial_undead_e,
          serial_undead_c, serial_undead_e, serial_undead_a, serial_undead_f,
          chequers_serial_rivers_micro_c
D:3:      layout_loops_ring, nicolae_overflow_hidden_temple,
          shapermc_ecumenical_altar_mp_vishouse, minmay_misc_feat_cross
D:5:      minmay_opposing_rooms, layout_gridville, gammafunk_ghost_split,
          uniq_sigmund, uniq_duvessa, uniq_ijyb

Skill      XL: |  1  2  3  4 |
---------------+-------------+-----
Ice Magic      | 1 |  1.2
Fighting       | 1 |  1.0
Short Blades   | |  1.6
Dodging        | |  2.5
Stealth        | |  4.4
Spellcasting   | |  2.2
Hexes          | |  3.7

Action                   |  1- 3 |  4- 6 || total
-------------------------+-------+-------++-------
Melee: Dagger            |    60 |    26 ||    86
       Constrict         |    13 |     4 ||    17
       Tentacles         |    11 |     4 ||    15
Throw: Stone             |     8 |       ||     8
 Cast: Ensorcelled Hiber |    12 |    11 ||    23
  Use: Potion            |     1 |       ||     1
       Scroll            |       |     1 ||     1
 Stab: Sleeping          |    18 |    10 ||    28
Armor: Skin              |     3 |     2 ||     5
Dodge: Dodged            |    39 |     9 ||    48

Table legend: (Time is in decaauts)
 A = Elapsed time spent in this place.
 B = Non-inter-level travel time spent in this place.
 C = Inter-level travel time spent in this place.
 D = Time resting spent in this place.
 E = Time spent auto-exploring this place.
 F = Levels seen in this place.
 G = Mean time per level.
                   A        B        C        D        E       F      G
               +--------+--------+--------+--------+--------+-----+--------+
         Total |   2523 |   2262 |    261 |    701 |     77 |   4 |  630.8 |
       Dungeon |   2523 |   2262 |    261 |    701 |     77 |   4 |  630.8 |
               +--------+--------+--------+--------+--------+-----+--------+

Top non-repeatable levels by time:
     D:1: 1286 daAuts
     D:2: 959 daAuts
     D:3: 222 daAuts
     D:5: 55 daAuts
